 Dungeon Crawl Stone Soup version 0.17.1-3-g152610e (webtiles) character file.

32 Jerry the Insei (level 2, -2/22 HPs)
             Began as a Demigod Transmuter on Mar 8, 2016.
             Slain by Crazy Yiuf
             ... wielding a +4 quarterstaff of chaos
              (4 damage)
             ... on level 2 of the Dungeon.
             The game lasted 00:03:55 (1271 turns).

Jerry the Insei (Demigod Transmuter)                Turns: 1271, Time: 00:03:56

Health: -2/22      AC:  3    Str: 13    XL:     2   Next: 93%
Magic:  4/7        EV: 12    Int: 17    God:
Gold:   35         SH:  0    Dex: 16    Spells: 1 memorised, 3 levels left

rFire  . . .     SeeInvis .       - Unarmed
rCold  . . .     Clarity  .     j - +0 leather armour
rNeg   . . .     SustAt   +     (no shield)
rPois  .         Gourm    .     (no helmet)
rElec  .         Spirit   .     (no cloak)
rCorr  .         Warding  .     (no gloves)
rMut   .         Stasis   .     (no boots)
MR     .....                    (no amulet)
Stlth  +.........               (no ring)
                                (no ring)

@: appendage, drained, not resistant to hostile enchantments, very unstealthy
A: horns 2, high mp 1, sustain attributes
a: End Transformation


You were on level 2 of the Dungeon.
You were not hungry.
You had grown temporary horns.
You visited 1 branch of the dungeon, and saw 2 of its levels.

You collected 35 gold pieces.

Inventory:

Missiles
 a - 33 arrows
Armour
 b - a +0 robe
 j - a +0 leather armour (worn)
Jewellery
 l - an uncursed ring of wizardry {unknown}
Scrolls
 e - 3 scrolls of enchant armour {unknown}
 f - a scroll of fog {unknown}
 h - a scroll of remove curse {unknown}
 i - a scroll of immolation {unknown}
 m - a scroll of fear {unknown}
 o - a scroll of teleportation {unknown}
Potions
 g - 2 potions of curing {unknown}
 k - 2 potions of brilliance {unknown}
Books
 c - a book of Changes

   Spells                             Type                      Level
   a - Beastly Appendage              Transmutation                1
   b - Sticks to Snakes               Transmutation                2
   c - Spider Form                    Transmutation/Poison         3
   d - Ice Form                       Ice/Transmutation            4
   e - Blade Hands                    Transmutation                5
Comestibles
 d - 3 bread rations
 n - a meat ration
 p - a chunk of flesh


   Skills:
 - Level 0.8(0.5) Fighting
 + Level 0.6(0.3) Armour
 + Level 2.2(1.9) Dodging
 + Level 1.0(0.6) Stealth
 + Level 2.8(2.5) Unarmed Combat
 - Level 1.7(1.4) Spellcasting
 + Level 2.2(1.9) Transmutations


You had 3 spell levels left.
You knew the following spells:

 Your Spells              Type           Power        Failure   Level  Hunger
a - Beastly Appendage     Trmt           #.....       14%         1    ##.....


Dungeon Overview and Level Annotations

Branches:
Dungeon (2/15)

Annotations:
D:2 Crazy Yiuf


Innate Abilities, Weirdness & Mutations

You have an increased reservoir of magic (+10% MP).
Your attributes are resistant to harm.
You have a pair of horns on your head.


Message History

Crazy Yiuf shouts!
Crazy Yiuf says, "Gnoll eyeball Orb Guardian!"
Found a mace.
Drink which item? (? for menu, Esc to quit)
Okay, then.
Casting: Beastly Appendage
Confirm with . or Enter, or press ? or * to list all spells.
You grow a pair of large bovine horns.
Crazy Yiuf laughs, "Adder koolooloo koolooloo!"
Crazy Yiuf grits, "Dawk bag Orb Guardian!"
You hit Crazy Yiuf but do no damage.
Crazy Yiuf hits you with a quarterstaff of chaos!
You feel your power leaking away.
You closely miss Crazy Yiuf. Crazy Yiuf barely misses you.
You closely miss Crazy Yiuf. Your headbutt misses Crazy Yiuf.
Crazy Yiuf hits you with a quarterstaff of chaos!
Ouch! That really hurt!
* * * LOW HITPOINT WARNING * * *
You feel drained.
You die...

#####
#)..#
#...# ...
#g# #@##
##.# #.##
##.# ##.##
#...#
##...#
#'..+# #+#
#....#
########.#


You could see Crazy Yiuf.

Vanquished Creatures
  A worm (D:2)
  6 giant cockroaches
  7 hobgoblins
  2 kobolds (D:1)
  2 bats (D:1)
  A giant gecko (D:1)
  9 rats (D:1)
28 creatures vanquished.

Notes
Turn   | Place    | Note
--------------------------------------------------------------
     0 | D:1      | Jerry the Demigod Transmuter began the quest for the Orb.
     0 | D:1      | Reached XP level 1. HP: 15/15 MP: 5/5
   272 | D:1      | Reached XP level 2. HP: 17/22 MP: 7/7
  1162 | D:2      | Reached skill level 1 in Stealth
  1266 | D:2      | Noticed Crazy Yiuf
  1271 | D:2      | Slain by Crazy Yiuf

Action                   || total
-------------------------++-------
Melee: Unarmed           ||   123
 Cast: Beastly Appendage ||     1
 Stab: Distracted        ||     1
       Sleeping          ||     1
  Eat: Chunk             ||     1
